 Dungeon Sprint DCSS version 0.28.0-43-g3370ac3207 (webtiles) character file.

Game seed: 10542087952636902832

25 Mitsuki the Covered (level 2, 0/29 HPs)
             Began as a Minotaur Fighter on Mar 12, 2022.
             Slain by an ogre
             ... wielding a +0 giant club
              (21 damage)
             ... in the Dungeon (Sprint I: "Red Sonja").
             The game lasted 00:00:28 (123 turns).

Mitsuki the Covered (Minotaur Fighter)               Turns: 123, Time: 00:00:28

Health: 0/29       AC:  7    Str: 20    XL:     2   Next: 82%
Magic:  1/1        EV:  9    Int:  5    God:
Gold:   0          SH:  4    Dex:  9    Spells: 1/1 levels left

rFire   . . .      SeeInvis .   a - +0 long sword
rCold   . . .      Faith    .   c - +0 buckler
rNeg    . . .      Spirit   .   b - +0 scale mail
rPois   .          Reflect  .   (helmet restricted)
rElec   .          Harm     .   (no cloak)
rCorr   .          Rampage  .   (no gloves)
Will    .....      NoTele   +   (no boots)
Stlth   ..........              (no amulet)
HPRegen 0.09/turn               (no ring)
MPRegen 0.07/turn               (no ring)

@: no status effects
A: horns 2, retaliatory headbutt
a: no special abilities


You were in the Dungeon.
You visited 1 branch

Inventory:

Hand Weapons
 a - a +0 long sword (weapon)
Armour
 b - a +0 scale mail (worn)
 c - a +0 buckler (worn)
Wands
 k - a wand of iceblast (7)
Scrolls
 j - a scroll of blinking
Potions
 d - a potion of might
 e - a potion of curing
 f - a potion of heal wounds
 g - a potion of haste
 h - 2 potions of magic
 i - a potion of berserk rage


   Skills:
 + Level 5.0 Fighting
 + Level 4.1 Long Blades
 + Level 5.0 Armour
 + Level 5.0 Shields


You had one spell level left.
You didn't know any spells.
Your spell library was empty.

Dungeon Overview and Level Annotations

Branches:
Dungeon (1/1)

Altars:


Innate Abilities, Weirdness & Mutations

You have a pair of horns on your head.
You reflexively headbutt those who attack you in melee.


Message History

You slash Ijyb!
Ijyb is severely wounded.
You block Ijyb's attack.
You barely miss Ijyb.
Ijyb is severely wounded.
Ijyb barely misses you. Ijyb closely misses you.
You barely miss Ijyb.
Ijyb is severely wounded.
Ijyb hits you with a +0 club.
You take 2 damage, and have 12/19 hp.
You slash Ijyb!
You kill Ijyb!
Your Fighting skill gained 2 levels and is now at level 5!
Your Long Blades skill gained 2 levels and is now at level 4!
Your Armour skill gained 2 levels and is now at level 5!
Your Shields skill gained 2 levels and is now at level 5!
You have reached level 2!
You regained 7 hp, and now have 19/29 hp.
MP restored: 1
k - a wand of iceblast (7)
Things that are here:
a +0 club; a +0 ring mail; the goblin corpse of Ijyb You start resting.
HP restored.
Health restored: 29 You open the door.
An ogre comes into view. It is wielding a +0 giant club.
The ogre shouts!
There is an open door here.
You hit the ogre but do no damage. The ogre hits you with a +0 giant club!
You take 8 damage, and have 21/29 hp.
MASSIVE DAMAGE!!
You slash the ogre!
The ogre is heavily wounded.
The ogre barely misses you. You furiously retaliate!
You headbutt the ogre, but do no damage.
You barely miss the ogre.
The ogre is heavily wounded.
The ogre hits you with a +0 giant club!!
Ouch! That really hurt!
You die...

##########
#<.#..@O.#
#..').#..+
#..#####+#
#..# #..#
#..# #⌠⌠#
####


You could see an ogre.

Vanquished Creatures
  Ijyb (D)
1 creature vanquished.

Notes
Turn   | Place    | Note
-------+----------+-------------------------------------------
     0 | D        | Mitsuki the Minotaur Fighter began the quest for the Orb.
     0 | D        | Reached XP level 1. HP: 19/19 MP: 0/0
     1 | D        | Noticed Ijyb
     8 | D        | Killed Ijyb
     9 | D        | Reached skill level 5 in Fighting
     9 | D        | Reached skill level 5 in Armour
     9 | D        | Reached skill level 5 in Shields
     9 | D        | Reached XP level 2. HP: 19/29 MP: 1/1
   120 | D        | Noticed an ogre
   123 | D        | Slain by an ogre

Illustrated notes

Levels and vault maps discovered:
D:        dungeon_sprint_1 [red_sonja_temple_1, red_sonja_temple_small_1]

Skill      XL: |  1 |
---------------+----+-----
Fighting       | 5 |  5.0
Long Blades    | 4 |  4.1
Armour         | 5 |  5.0
Shields        | 5 |  5.0

Action                   || total
-------------------------++-------
Melee: Long sword        ||     9
       Headbutt          ||     2
Armor: Scale mail        ||     1
Dodge: Dodged            ||     3
Block: Buckler           ||     1
